 Dungeon Crawl Stone Soup version 0.30-a0-459-g9104f0fc43 (webtiles) character file.

Game seed: 13032542348554115270

2722 jlumianski the Chopper (level 9, -7/71 HPs)
             Began as a Demonspawn Fighter on Dec 15, 2022.
             Was a Follower of Okawaru.
             Mangled by Joseph
             ... wielding a +1 spectral quarterstaff
              (12 damage)
             ... on level 6 of the Dungeon.
             The game lasted 00:35:03 (7863 turns).

jlumianski the Chopper (Demonspawn Fighter)         Turns: 7863, Time: 00:35:04

Health: -7/71      AC: 12    Str: 22    XL:     9   Next: 39%
Magic:  11/11      EV:  6    Int:  9    God:    Okawaru [*.....]
Gold:   627        SH: 14    Dex: 12    Spells: 8/8 levels left

rFire   + + .      SeeInvis .    a - +0 war axe
rCold   + . .      Faith    .    c - +0 buckler
rNeg    + . .      Spirit   .    N - +0 plate armour
rPois   .          Reflect  +    (helmet restricted)
rElec   .          Harm     .    y - scarf {rC+ rF+}
rCorr   .          Rampage  .    (no gloves)
Will    .....                    (no boots)
Stlth   ..........               K - amulet of reflection
HPRegen 0.31/turn                w - ring of positive energy
MPRegen 0.12/turn                M - ring of protection from fire

@: no status effects
A: antennae 1, powered by pain 1, condensation shield
a: Renounce Religion, Heroism


You were on level 6 of the Dungeon.
You worshipped Okawaru.
Okawaru was aware of your devotion.
You visited 2 branches of the dungeon, and saw 8 of its levels.
You also visited: Sewer.

You collected 627 gold pieces.

Inventory:

Hand Weapons
 a - a +0 war axe (weapon)
 f - a +0 dagger of speed
 r - a +2 mace of protection
 F - a +1 vorpal spear
Missiles
 k - 10 boomerangs
 l - 62 stones
 m - 15 poisoned darts (quivered)
 v - a curare-tipped dart
Armour
 b - a +0 scale mail
 c - a +0 buckler (worn)
 g - a +1 helmet
 p - a +0 pair of gloves
 s - a +0 chain mail
 y - a scarf of resistance (worn)
 N - a +0 plate armour (worn)
Jewellery
 w - a ring of positive energy (left hand)
 K - an amulet of reflection (around neck)
 M - a ring of protection from fire (right hand)
Wands
 D - a wand of flame (16)
 L - a wand of polymorph (5)
Scrolls
 e - a scroll of butterflies
 i - a scroll of blinking
 j - 7 scrolls of teleportation
 n - 4 scrolls of fear
 o - 2 scrolls of enchant weapon
Potions
 d - 2 potions of might
 h - 2 potions of lignification
 q - 2 potions of haste
 t - 4 potions of attraction
 u - a potion of ambrosia
 x - a potion of invisibility
 z - a potion of brilliance
 A - a potion of resistance {unknown}
 B - 2 potions of magic
 C - a potion of heal wounds {unknown}
 E - a potion of mutation {unknown}
 I - a potion of berserk rage {unknown}
 J - a potion of curing


   Skills:
 * Level 6.9 Fighting
 + Level 7.5 Axes
 + Level 0.4 Throwing
 + Level 5.5 Armour
 + Level 1.6 Dodging
 + Level 5.0 Shields
 * Level 3.5 Invocations


You had 8 spell levels left.
You didn't know any spells.
Your spell library contained the following spells:

 Spells                   Type           Power      Damage    Failure   Level
 Ensorcelled Hibernation  Hex/Ice        0%         N/A       100%        2
 Sublimation of Blood     Necr           0%         N/A       100%        2
 Spider Form              Tmut/Pois      0%         N/A       100%        3
 Anguish                  Hex/Necr       0%         N/A       100%        4
 Petrify                  Tmut/Erth      0%         N/A       100%        4
 Irradiate                Conj/Tmut      0%         3d11      100%        5


Dungeon Overview and Level Annotations

Branches:
Dungeon (7/15)             Temple (1/1) D:4           Sewer (visited)

Altars:
Ashenzari
Cheibriados
Dithmenos
Fedhas
Gozag
Hepliaklqana
Kikubaaqudgha
Makhleb
Nemelex Xobeh
Okawaru
Sif Muna
Trog
Uskayaw
Vehumet
Wu Jian
Xom
Yredelemnul

Annotations:
D:5 1 runed translucent door, anonymousknight's ghost, novice HOMo
D:6 Joseph


Innate Abilities, Weirdness & Mutations

You have a pair of small antennae on your head.
You sometimes gain a little power by taking damage.
A meltable shield of frost defends you. (SH +4)


Message History

Joseph barely misses you.
You barely miss Joseph.
Joseph is lightly wounded.
Joseph hits you with a +1 spectral quarterstaff.
You hit Joseph.
Joseph is lightly wounded.
You block Joseph's attack.
You barely miss Joseph.
Joseph is lightly wounded.
Joseph hits you with a +1 spectral quarterstaff!
You slash Joseph!
Joseph is moderately wounded.
You block Joseph's attack.
Joseph hits you with a +1 spectral quarterstaff!
You hit Joseph.
Joseph is moderately wounded.
Joseph hits you with a +1 spectral quarterstaff.
You barely miss Joseph.
Joseph is moderately wounded.
You block Joseph's attack.
You hit Joseph but do no damage.
Joseph is moderately wounded.
Joseph says, "I'm happy to see you. And I'll be happy to kill you."
Joseph hits you with a +1 spectral quarterstaff!
You slash Joseph!
Joseph is heavily wounded.
Joseph hits you but does no damage.
You hit Joseph.
Joseph is heavily wounded.
Joseph drinks a potion.
Joseph is healed!
You barely miss Joseph.
Joseph is heavily wounded.
Joseph hits you with a +1 spectral quarterstaff.
* * * LOW HITPOINT WARNING * * *
Joseph hits you with a +1 spectral quarterstaff!
* * * LOW HITPOINT WARNING * * *
You closely miss Joseph.
Joseph is heavily wounded.
Joseph hits you with a +1 spectral quarterstaff!
You die...

..........#.##.#.................
.........##.##...................
.###.#.####.###...........#.#...#
####.#.#.....##...........#<..#.#
.###...#..................#...#.#
.......#.......#............#....
.......#.....##..#.....#.##.....#
..####.#.....#.@)[........).....#
..####.#........@#....#...###.###
.......).......)##....#.#.#..⌠..#
..####................#.#.#.....#
........................#..⌠.⌠.⌠.
..###..........###......#.#.....#
..##.........### #.....##.#..⌠..#
.....#.....### #.....##.###.###
######.....## #####.##.......# .#
##.......# #.##...###)#


You could see Joseph.

Vanquished Creatures
  A vampire mosquito (D:5)
  A steam dragon (D:6)
  A water moccasin (D:5)
  Pargi (Sewer)
  2 orc warriors (D:6)
  A black bear (D:4)
  2 centaurs
  3 ogres
  2 phantoms (D:4)
  2 kobold brigands (D:6)
  Blork the orc (D:6)
  A gnoll sergeant (D:6)
  2 necrophages (D:4)
  A water moccasin zombie (D:3)
  2 howler monkeys
  5 hounds
  3 orc priests
  2 gnoll boudas (D:6)
  9 iguanas
  3 orc wizards
  A scorpion zombie (D:3)
  9 adders
  8 gnolls
  A river rat (D:5)
  A white imp (D:6)
  An ufetubus (D:5)
  An adder zombie (D:3)
  3 worms
  3 dart slugs
  13 orcs
  14 ball pythons
  6 bats
  7 endoplasms
  2 giant cockroaches
  7 goblins
  13 hobgoblins
  A jackal (Sewer)
  12 kobolds
  4 quokkas
  A ball python zombie (D:3)
  4 frilled lizards
  8 rats
165 creatures vanquished.

Vanquished Creatures (others)
  A jelly (D:5)
  An orc (D:7)
  10 plants
12 creatures vanquished.

Grand Total: 177 creatures vanquished

Notes
Turn   | Place    | Note
-------+----------+-------------------------------------------
     0 | D:1      | jlumianski the Demonspawn Fighter began the quest for the
                  | Orb.
     0 | D:1      | Reached XP level 1. HP: 18/18 MP: 1/1
    37 | D:1      | Gained mutation: A meltable shield of frost defends you.
                  | (SH +4) [demonic ancestry]
    37 | D:1      | Reached XP level 2. HP: 18/24 MP: 2/2
    87 | D:2      | Found a shimmering altar of Xom.
   285 | D:1      | Reached skill level 2 in Axes
   388 | D:1      | Gained mutation: You sometimes gain a little power by
                  | taking damage. [demonic ancestry]
   388 | D:1      | Reached XP level 3. HP: 29/29 MP: 3/3
  1442 | D:2      | Reached XP level 4. HP: 36/36 MP: 4/4
  2101 | D:4      | Found a burning altar of Makhleb.
  2101 | D:4      | Noticed a blizzard demon
  2133 | D:4      | Found an opulent altar of Gozag.
  2149 | D:4      | Found a staircase to the Ecumenical Temple.
  2158 | Temple   | Entered the Ecumenical Temple
  2334 | D:4      | Noticed a necrophage
  2426 | D:3      | Found a basalt altar of Yredelemnul.
  2442 | D:3      | Reached XP level 5. HP: 32/42 MP: 5/5
  2486 | D:3      | Reached skill level 3 in Axes
  2488 | D:3      | Reached skill level 1 in Dodging
  3149 | D:4      | Reached XP level 6. HP: 49/49 MP: 6/6
  3196 | D:5      | Entered Level 5 of the Dungeon
  3335 | D:4      | Reached skill level 4 in Axes
  3363 | D:4      | Found an ancient bone altar of Kikubaaqudgha.
  3411 | D:4      | Reached XP level 7. HP: 22/55 MP: 7/7
  3412 | D:4      | Reached skill level 5 in Fighting
  3565 | D:5      | Found a hide-covered altar of Uskayaw.
  3664 | D:5      | Found a radiant altar of Vehumet.
  3887 | D:5      | Reached skill level 5 in Axes
  3906 | D:5      | Found a glowing drain.
  3910 | Sewer    | Entered a sewer
  4071 | Sewer    | Noticed Pargi
  4086 | Sewer    | Killed Pargi
  4247 | D:6      | Noticed a vampire mosquito
  4265 | D:5      | Killed a vampire mosquito
  4266 | D:5      | Gained mutation: You have a pair of small antennae on your
                  | head. [demonic ancestry]
  4266 | D:5      | Reached XP level 8. HP: 21/64 MP: 8/8
  4751 | D:6      | Found a broken altar of Ashenzari.
  4902 | D:5      | Reached skill level 6 in Axes
  5113 | D:6      | Noticed Blork the orc
  5124 | D:6      | Killed Blork the orc
  5541 | D:5      | Reached skill level 5 in Armour
  5611 | D:5      | Found a runed translucent door.
  5612 | D:5      | Noticed anonymousknight's ghost (novice HOMo)
  5710 | D:5      | Found an iron altar of Okawaru.
  5710 | D:5      | Found a bloodstained altar of Trog.
  5721 | D:5      | Became a worshipper of Warmaster Okawaru
  6505 | D:5      | Reached skill level 1 in Invocations
  6958 | D:6      | Reached XP level 9. HP: 71/71 MP: 10/10
  6999 | D:6      | Reached skill level 7 in Axes
  7134 | D:6      | Reached * piety under Okawaru
  7705 | D:7      | Noticed Joseph
  7752 | D:6      | Reached skill level 5 in Shields
  7863 | D:6      | Mangled by Joseph

Illustrated notes

Levels and vault maps discovered:
D:1:      psy_arrival_basics, layout_basic, st_stairs_4
D:2:      layout_basic, basic_altar, minmay_misc_feat_four_crosses,
          minmay_shallow_snake_nest
D:3:      layout_loops_ring, nicolae_yredelemnul_corpse_copse
D:4:      layout_rooms, grunt_gozag_statues, kennysheep_mini,
          makhleb_altar_promises_db, minmay_temple_entry_sparse_star
D:5:      layout_rooms, grunt_temple_overflow_bloody_war,
          nicolae_overflow_crystal_walls, fiery_altar_vehumet,
          portal_sewer_entry_e, ebering_ghost_reflecting_pool
D:6:      kennysheep_housing_project, layout_rooms, cheibrodos_ashenzari_chains,
          corner_web_ring, minivault_11, minmay_chambers_of_fives,
          uniq_blork_the_orc
D:7:      layout_loops_cross, nicolae_ru_path_of_blood, serial_shops,
          nicolae_shop_temple_entry_statues_fountains, uniq_joseph,
          uniq_prince_ribbit1
Temple:   nicolae_temple_two_arcs

Skill      XL: |  1  2  3  4  5  6  7  8  9 |
---------------+----------------------------+-----
Shields        | 3 4 5 |  5.0
Armour         | 3 4 5 |  5.5
Axes           | 2 3 4 5 6 7 |  7.5
Fighting       | 4 5 6 |  6.9
Dodging        | 1 |  1.6
Invocations    | 2 3 |  3.5
Throwing       | |  0.4

Action                   |  1- 3 |  4- 6 |  7- 9 || total
-------------------------+-------+-------+-------++-------
Melee: War axe           |   111 |   189 |   382 ||   682
Throw: Dart              |     3 |       |    10 ||    13
       Boomerang         |       |     3 |       ||     3
Evoke: Wand              |       |       |     1 ||     1
  Use: Scroll            |       |     7 |     9 ||    16
       Potion            |       |     2 |     4 ||     6
Armor: Scale mail        |    54 |    76 |       ||   130
       Chain mail        |       |    59 |   140 ||   199
       Plate armour      |       |       |     7 ||     7
Dodge: Dodged            |    36 |    89 |   117 ||   242
Block: Buckler           |    53 |   120 |   233 ||   406
       Reflection        |       |       |    21 ||    21

Table legend: (Time is in decaauts)
 A = Elapsed time spent in this place.
 B = Non-inter-level travel time spent in this place.
 C = Inter-level travel time spent in this place.
 D = Time resting spent in this place.
 E = Time spent auto-exploring this place.
 F = Levels seen in this place.
 G = Mean time per level.
                   A        B        C        D        E       F      G
               +--------+--------+--------+--------+--------+-----+--------+
         Total |   8090 |   7892 |    198 |   1356 |   3140 |   9 |  898.9 |
       Dungeon |   7661 |   7463 |    198 |   1256 |   3065 |   7 | 1094.4 |
        Temple |    143 |    143 |      0 |      0 |      0 |   1 |  143.0 |
         Sewer |    285 |    285 |      0 |    100 |     75 |   1 |  285.0 |
               +--------+--------+--------+--------+--------+-----+--------+

Top non-repeatable levels by time:
     D:6: 1903 daAuts
     D:5: 1894 daAuts
     D:3: 1025 daAuts
     D:1: 1010 daAuts
     D:2: 904 daAuts
     D:4: 841 daAuts
   Sewer: 285 daAuts
  Temple: 143 daAuts
     D:7: 82 daAuts
